 Dungeon Crawl Stone Soup version 0.31.0-9-g3a7656b989 (webtiles) character file.

Game seed: 11992895231769670316

147 qw the Shooter (level 5, 0/26 HPs)
             Began as a Spriggan Hunter on Feb 2, 2024.
             Slain by a hound (2 damage)
             ... on level 4 of the Dungeon.
             The game lasted 00:00:06 (1052 turns).

qw the Shooter (Spriggan Hunter)                    Turns: 1052, Time: 00:00:06

Health: 0/26       AC:  2    Str:  7    XL:     5   Next: 8%
Magic:  6/6        EV: 20    Int: 11    God:
Gold:   107        SH:  0    Dex: 20    Spells: 4/4 levels left

rFire   . . .        a - +0 shortbow
rCold   . . .        (shield currently unavailable)
rNeg    . . .        c - +0 robe
rPois   .            (helmet restricted)
rElec   .            (no cloak)
rCorr   .            (gloves unavailable)
SInv    +            (boots unavailable)
Will    .....        (no amulet)
Stlth   ++           (no ring)
HPRegen 0.24/turn    (no ring)
MPRegen 0.10/turn

%: no passive effects
@: very quick
A: very small, no large weapons, unfitting armour, see invisible, speed 3
a: no special abilities


You were on level 4 of the Dungeon.
You visited 1 branch of the dungeon, and saw 3 of its levels.

You collected 107 gold pieces.


Innate Abilities, Weirdness & Mutations

You are very small and have problems with some larger weapons.
You are too small for most types of armour.
You have supernaturally acute eyesight. (SInv)
You cover ground extremely quickly. (Speed+++)


   Skills:
 - Level 2.2 Fighting
 + Level 5.1 Ranged Weapons
 - Level 5.0 Dodging
 - Level 1.5 Stealth


You had 4 spell levels left.
You didn't know any spells.
Your spell library was empty.

Inventory:

Hand Weapons
 a - a +0 shortbow (weapon)
Armour
 c - a +0 robe (worn)
Jewellery
 g - a +5 ring of evasion
Scrolls
 b - 2 scrolls of teleportation {unknown}
 h - a scroll of brand weapon {unknown}
Potions
 d - a potion of enlightenment {unknown}
 e - a potion of attraction {unknown}
 f - a potion of curing {unknown}

Dungeon Overview and Level Annotations

Branches:
Dungeon (2/15)

Altars:

Shops:
D:2 (*


Message History

The arrow hits the orc wizard.
The orc wizard is moderately wounded.
You shoot an arrow. The arrow hits the orc wizard.
The orc wizard is severely wounded.
You hear a bark!
A hound comes into view.
Enter note:
Enter note:
Enter note: You shoot an arrow.
The arrow hits the orc wizard.
The orc wizard is almost dead.
The orc completely misses you.
The orc wizard hits you with a +0 dagger.
The orc barely misses you.
The orc wizard hits you with a +0 dagger.
You shoot an arrow.
The arrow hits the orc wizard but does no damage.
The orc wizard is almost dead.
The orc misses you.
The orc wizard hits you with a +0 dagger.
You shoot an arrow.
The arrow closely misses the orc wizard.
The orc barely misses you. The orc hits you with a +0 hand axe.
The orc wizard closely misses you.
You shoot an arrow. The arrow hits the orc wizard!
You kill the orc wizard!
The hound stops to sniff the ground.
The orc closely misses you. The orc misses you. The hound bites you.
Your Fighting skill increases to level 2!
You have reached level 5!
You feel clever.
You shoot an arrow. The arrow hits the hound.
The hound is moderately wounded.
The hound bites you. The orc barely misses you. The orc completely misses you.
The hound completely misses you.
You shoot an arrow. The arrow closely misses the hound.
The orc hits you with a +0 flail! The orc misses you. The hound bites you.
You shoot an arrow. The arrow closely misses the hound.
The hound bites you but does no damage. The orc misses you.
The orc closely misses you. The hound bites you.
You die...

# # ..##..# # ......# + ......# #
'...)<<# ##############+##......#
................#......#
................#h.....#
................@o.....#
................#o......
................#.......
##+#####'#......#.......
.........#......######### .####
.........+..............####.....
.........#..............#........
#........#.....<........#....¤~~~
#...##...#..............#....¤~~~


You could see a hound and 2 orcs.

Vanquished Creatures
  An iguana (D:4)
  An orc wizard (D:4)
  4 adders
  A dart slug (D:1)
  5 ribbon worms
  3 orcs (D:4)
  3 endoplasms
  2 goblins (D:2)
  4 hobgoblins
  4 jackals (D:1)
  3 kobolds
  2 quokkas (D:1)
  7 ball pythons
  2 frilled lizards (D:1)
  5 rats (D:1)
47 creatures vanquished.

Notes
Turn   | Place    | Note
-------+----------+-------------------------------------------
     0 | D:1      | qw the Spriggan Hunter began the quest for the Orb.
     0 | D:1      | Reached XP level 1. HP: 10/10 MP: 2/2
     0 | D:1      | 0 ||| qw: Version: 0.3-a-155-g5e7d8dd
     0 | D:1      | 0 ||| qw: Game counter: 2840
     0 | D:1      | 0 ||| qw: Melee chars always use a shield: true
     0 | D:1      | 0 ||| qw: God list: Okawaru
     0 | D:1      | 0 ||| qw: Allow faded altars: false
     0 | D:1      | 0 ||| qw: Do Orc after clearing Dungeon:15 true
     0 | D:1      | 0 ||| qw: Do second Lair branch before Depths: true
     0 | D:1      | 0 ||| qw: Lair rune preference: random
     0 | D:1      | 0 ||| qw: Goals: Normal
     0 | D:1      | 0 ||| PLANNING D:1-11
    69 | D:1      | Reached skill level 3 in Dodging
   116 | D:1      | Reached XP level 2. HP: 14/14 MP: 3/3
   402 | D:1      | Reached XP level 3. HP: 18/18 MP: 4/4
   467 | D:1      | 467 ||| DROPPING amulet of magic regeneration.
   468 | D:1      | 468 ||| READING 2 scrolls labelled DUYGHUJUFO.
   469 | D:1      | 469 ||| READING scroll labelled LADGHA UMALOUQA.
   470 | D:1      | 470 ||| DROPPING scroll of butterflies.
   471 | D:1      | 471 ||| DROPPING scroll of revelation.
   501 | D:2      | Found Evunyov's Antique Weapon Shoppe.
   731 | D:2      | Found Coomalel's General Store.
   744 | D:2      | 744 ||| SHOPLISTING +0 shortbow of electrocution (133 gold,
                  | have 84).
   753 | D:2      | You fall into a shaft and drop 2 floors!
   754 | D:4      | 754 ||| PLANNING SEWER
   769 | D:4      | Reached XP level 4. HP: 22/22 MP: 5/5
  1050 | D:4      | Reached XP level 5. HP: 14/26 MP: 6/6
  1051 | D:4      | HP: 4/26 [orc/+0 flail (7)]
  1051 | D:4      | HP: 1/26 [hound (3)]
  1052 | D:4      | Slain by a hound

Levels and vault maps discovered:
D:1:      dpeg_arrival_rhombi, layout_basic
D:2:      layout_loops_ring, serial_shops, nicolae_shop_behind_doors, shop,
          nicolae_shop_peninsula, shop
D:4:      layout_gridville, mainiacjoe_overflow_chevrons, portal_sewer_entry_e,
          uniq_menkaure, uniq_grinder

Skill      XL: |  1  2  3  4 |
---------------+-------------+-----
Dodging        | 3 4 5 |  5.0
Ranged Weapons | 5 |  5.1
Fighting       | 2 |  2.2
Stealth        | |  1.5

Action                     |  1- 3 |  4- 6 || total
---------------------------+-------+-------++-------
   Fire: Shortbow          |   103 |    37 ||   140
    Use: Scroll            |     2 |       ||     2
 Armour: Robe              |     5 |    11 ||    16
  Dodge: Dodged            |    35 |    17 ||    52

Table legend:
 A = Non-vault XP
 B = Vault XP
 C = Vault XP percentage of total XP
 D = Non-vault monster count
 E = Vault monster count
 F = Vault count percentage of total count
                 A         B        C        D         E       F
            +---------+---------+-------+---------+---------+-------
      Total |     211 |       0 |   0.0 |      47 |       0 |   0.0
            +---------+---------+-------+---------+---------+-------
        D:1 |      43 |       0 |   0.0 |      26 |       0 |   0.0
        D:2 |      50 |       0 |   0.0 |      10 |       0 |   0.0
        D:4 |     118 |       0 |   0.0 |      11 |       0 |   0.0
            +---------+---------+-------+---------+---------+-------
